 Dungeon Crawl Stone Soup version 0.27-a0-1136-g0b992a5a9d (webtiles) character file.

Game seed: 12392047777430281526

149 snetch the Chopper (level 5, 0/47 HPs)
             Began as a Hill Orc Monk on May 4, 2021.
             Was an Elder of Makhleb.
             Slain by an orc
             ... wielding a +0 flail
              (7 damage)
             ... on level 3 of the Dungeon.
             The game lasted 00:10:27 (3489 turns).

snetch the Chopper (Hill Orc Monk)                  Turns: 3489, Time: 00:10:28

Health: 0/47       AC:  3    Str: 15    XL:     5   Next: 31%
Magic:  7/7        EV:  9    Int: 10    God:    Makhleb [****..]
Gold:   108        SH:  7    Dex: 13    Spells: 4/4 levels left

rFire    . . .     SeeInvis .   a - +0 hand axe
rCold    . . .     Faith    .   n - +0 kite shield
rNeg     . . .     Spirit   .   j - +0 leather armour
rPois    .         Reflect  .   (no helmet)
rElec    .         Harm     .   (no cloak)
rCorr    .         Rampage  .   (no gloves)
Will     .....                  (no boots)
Stlth    ++........             (no amulet)
HPRegen  0.15/turn              (no ring)
MPRegen  0.10/turn              (no ring)

@: no status effects
A: no striking features
a: Renounce Religion, Minor Destruction, Lesser Servant of Makhleb, Major
Destruction


You were on level 3 of the Dungeon.
You worshipped Makhleb.
Makhleb was greatly pleased with you.
You visited 1 branch of the dungeon, and saw 4 of its levels.

You collected 108 gold pieces.

Inventory:

Hand Weapons
 a - a +0 hand axe (weapon)
 l - a +0 halberd
 m - a +0 flail
Missiles
 c - 22 sling bullets
 e - 71 bolts
 f - 65 stones
Armour
 j - a +0 leather armour (worn)
 k - a +0 plate armour
 n - a +0 kite shield (worn)
Scrolls
 b - a scroll of amnesia {unknown}
 d - 2 scrolls of teleportation {unknown}
 o - a scroll of identify {unknown}
Potions
 g - a potion of haste {unknown}
 h - a potion of curing {unknown}
 i - a potion of attraction {unknown}


   Skills:
 + Level 4.4 Fighting
 + Level 4.9 Axes
 + Level 0.7 Armour
 + Level 2.8 Dodging
 + Level 1.8 Stealth
 + Level 3.8 Invocations


You had 4 spell levels left.
You didn't know any spells.
Your spell library contained the following spells:

 Spells                   Type           Power      Damage    Failure   Level
 Summon Small Mammal      Summ           0%         N/A       97%         1
 Call Imp                 Summ           0%         N/A       99%         2
 Call Canine Familiar     Summ           0%         N/A       100%        3
 Summon Guardian Golem    Hex/Summ       0%         N/A       100%        3
 Summon Ice Beast         Ice/Summ       0%         N/A       100%        4
 Summon Lightning Spire   Summ/Air       0%         N/A       100%        4


Dungeon Overview and Level Annotations

Branches:
Dungeon (4/15)
 Temple: D:4-7

Altars:
Makhleb
Uskayaw
The Shining One

Shops:
D:1 ((:


Message History

The orc is moderately wounded.
You barely miss the orc. The orc barely misses you.
The orc curses loudly.
You block the orc's attack.
Unknown command.
You are too injured to fight recklessly!
Unknown command.
Abil: Minor Destruction
Press: ? - help, Q - select action, (/) - cycle Shift-Dir - straight line, f/p - orc
Aim: an orc, wielding a +0 club and wearing a +0 ring mail (heavily wounded)
The orc writhes in agony.
The orc hits you with a +0 club.
* * * LOW HITPOINT WARNING * * *
Abil: Minor Destruction
Press: ? - help, Q - select action, (/) - cycle Shift-Dir - straight line, f/p - orc
Aim: an orc, wielding a +0 club and wearing a +0 ring mail (almost dead)
The glob of acid hits the orc.
The orc is splashed with acid.
The acid corrodes the orc!
You kill the orc!
Makhleb accepts your kill.
You can now hurl Makhleb's greater destruction.
You feel better.
Abil: Minor Destruction
Press: ? - help, Q - select action, (/) - cycle Shift-Dir - straight line, f - orc
Aim: an orc, wielding a +0 whip (moderately wounded)
The zap misses the orc.
The zap hits the orc but does no damage.
The orc hits you with a +0 whip.
* * * LOW HITPOINT WARNING * * *
Abil: Minor Destruction
Press: ? - help, Q - select action, (/) - cycle Shift-Dir - straight line, f/p - orc
Aim: an orc, wielding a +0 whip (moderately wounded)
The orc writhes in agony.
You kill the orc!
Makhleb accepts your kill.
You feel better.
You hit the orc.
The orc is lightly wounded.
The orc hits you with a +0 flail!
You die...

#######
#.....########
########............#
#..)o@....####^####.#
#.#.#####.#.......#.#
#. #.#.......#.# #.
#.#.......#.# #.
..#..._.....## ##
#.#.......#.^#
#.#.......#..#
###.#.......#..# #.
#[..#########..#


You could see an orc.

Vanquished Creatures
  4 gnolls (D:2)
  An ufetubus (D:2)
  A worm (D:2)
  3 orcs (D:3)
  4 ball pythons
  6 bats
  8 endoplasms
  2 giant cockroaches (D:1)
  7 goblins
  5 hobgoblins
  5 kobolds
  4 quokkas
  7 frilled lizards
  8 rats
65 creatures vanquished.

Vanquished Creatures (collateral kills)
  4 gnolls (D:2)
  A bat (D:2)
5 creatures vanquished.

Grand Total: 70 creatures vanquished

Notes
Turn   | Place    | Note
-------+----------+-------------------------------------------
     0 | D:1      | snetch the Hill Orc Monk began the quest for the Orb.
     0 | D:1      | Reached XP level 1. HP: 19/19 MP: 1/1
    54 | D:1      | Reached XP level 2. HP: 10/27 MP: 2/2
   252 | D:1      | Found Xidahump's Book Shop.
   265 | D:1      | Found Uttestryc's Weapon Shop.
   445 | D:2      | Found a faded altar of an unknown god.
   470 | D:2      | Became a worshipper of Makhleb the Destroyer
   470 | D:2      | Reached * piety under Makhleb
   470 | D:2      | Reached ** piety under Makhleb
   587 | D:1      | Found Womionib's Antique Weapon Shoppe.
   833 | D:1      | Reached XP level 3. HP: 32/34 MP: 3/3
   836 | D:1      | Reached *** piety under Makhleb
   857 | D:2      | Reached skill level 1 in Invocations
  2190 | D:2      | Reached XP level 4. HP: 39/41 MP: 5/5
  2292 | D:2      | Found a glowing golden altar of the Shining One.
  2603 | D:2      | Reached XP level 5. HP: 23/47 MP: 7/7
  3194 | D:3      | Found a hide-covered altar of Uskayaw.
  3486 | D:3      | Reached **** piety under Makhleb
  3489 | D:3      | Slain by an orc

Illustrated notes

Levels and vault maps discovered:
D:1:      onia_arrival_pyramid, layout_basic, serial_shops, shop, shop,
          nicolae_shop_statue_plus
D:2:      layout_basic, basic_altar, shapermc_ecumenical_altar_mp_ritualfount
D:3:      layout_basic, lemuel_doored_altar, lemuel_tele_altar,
          kennysheep_generic_room_10, uniq_grinder
D:4:      layout_loops_ring, nzn_wu_jian_council_hall, uniq_blork_the_orc

Skill      XL: |  1  2  3  4 |
---------------+-------------+-----
Fighting       | 4 |  4.4
Invocations    | 1 3 |  3.8
Axes           | |  4.9
Armour         | |  0.7
Dodging        | |  2.8
Stealth        | |  1.8

Action                   |  1- 3 |  4- 6 || total
-------------------------+-------+-------++-------
Melee: Hand axe          |    90 |    49 ||   139
Invok: Minor Destruction |    44 |    27 ||    71
       Lesser Servant of |       |     1 ||     1
 Stab: Sleeping          |     3 |       ||     3
       Distracted        |       |     1 ||     1
Armor: Robe              |    23 |       ||    23
       Leather armour    |       |    11 ||    11
Dodge: Dodged            |    94 |    44 ||   138
Block: Kite shield       |       |     3 ||     3

Table legend: (Time is in decaauts)
 A = Elapsed time spent in this place.
 B = Non-inter-level travel time spent in this place.
 C = Inter-level travel time spent in this place.
 D = Time resting spent in this place.
 E = Time spent auto-exploring this place.
 F = Levels seen in this place.
 G = Mean time per level.
                   A        B        C        D        E       F      G
               +--------+--------+--------+--------+--------+-----+--------+
         Total |   3509 |   3412 |     97 |    145 |   2536 |   4 |  877.2 |
       Dungeon |   3509 |   3412 |     97 |    145 |   2536 |   4 |  877.2 |
               +--------+--------+--------+--------+--------+-----+--------+

Top non-repeatable levels by time:
     D:1: 1733 daAuts
     D:2: 1375 daAuts
     D:3: 394 daAuts
     D:4: 6 daAuts
